 Dungeon Sprint DCSS version 0.31-a0-1-g4198be8af4 (webtiles) character file.

Game seed: 8283219644008091056

6 sircluck the Conjurer (level 1, -3/7 HPs)
             Began as a Felid Conjurer on May 2, 2023.
             Slain by an iguana (10 damage)
             ... in the Dungeon (Sprint IX: "|||||||||||||||||||||||||||||").
             The game lasted 00:00:15 (73 turns).

sircluck the Conjurer (Felid Conjurer)                Turns: 73, Time: 00:00:16

Health: -3/7       AC:  1    Str:  3    XL:     1   Next: 75%
Magic:  3/4        EV: 17    Int: 19    God:
Gold:   0          SH:  0    Dex: 14    Spells: 3/4 levels left
                                        Lives:  0   Deaths: 0

rFire   . . .        (weapon unavailable)
rCold   . . .        (shield unavailable)
rNeg    . . .        (body armour unavailable)
rPois   .            (helmet unavailable)
rElec   .            (cloak unavailable)
rCorr   .            (gloves unavailable)
SInv    +            (boots unavailable)
Will    .....        (no amulet)
Stlth   ++           (no ring)
HPRegen 0.21/turn    (no ring)
MPRegen 0.09/turn

%: no teleportation
@: quick
A: very small, claws 1, fangs 3, see invisible, speed 1, shaggy fur 1, stealthy
paws, no weapons or thrown items, no armour, multi-lived
a: no special abilities


You were in the Dungeon.
You visited 1 branch

Inventory:

Scrolls
 f - a scroll of blinking
Potions
 a - 3 potions of magic
 b - a potion of curing
 c - a potion of heal wounds
 d - a potion of haste
 e - a potion of berserk rage


   Skills:
 + Level 3.0 Dodging
 + Level 2.9 Stealth
 + Level 0.2 Unarmed Combat
 + Level 2.1 Spellcasting
 + Level 4.6 Conjurations


You had 3 spell levels left.
You knew the following spells:

 Your Spells              Type           Power      Damage    Failure   Level
a - Magic Dart            Conj           76%        1d6       2%          1

Your spell library contained the following spells:

 Spells                   Type           Power      Damage    Failure   Level
 Searing Ray              Conj           38%        2d5       3%          2
 Dazzling Flash           Conj/Hex       20%        N/A       19%         3
 Fulminant Prism          Conj/Hex       5%         3d7       54%         4
 Iskenderun's Mystic Bla  Conj/Tloc      10%        2d4       54%         4


Dungeon Overview and Level Annotations

Branches:
Dungeon (1/1)

Altars:


Innate Abilities, Weirdness & Mutations

You have sharp claws.
You have razor-sharp teeth.
You have supernaturally acute eyesight. (SInv)
You cover ground quickly. (Speed+)
You are covered in fur. (AC +1)
Your paws help you pounce on unaware monsters.
You are incapable of wielding weapons or throwing items.
You cannot wear armour.
You gain extra lives every three experience levels.


Message History

Unknown command.
You scratch the quokka but do no damage.
The quokka is moderately wounded.
The quokka misses you. The quokka barely misses you.
You scratch the quokka but do no damage.
You bite the quokka.
The quokka is heavily wounded.
The quokka bites you.
* * * LOW HITPOINT WARNING * * *
You barely miss the quokka.
The quokka is heavily wounded.
The quokka misses you.
You scratch the quokka.
The quokka is severely wounded.
The quokka bites you but does no damage.
You scratch the quokka but do no damage.
You bite the quokka.
You kill the quokka!
You barely miss the rat. You bite the rat, but do no damage.
The rat closely misses you.
You scratch the rat.
The rat is heavily wounded.
The rat closely misses you.
You scratch the rat.
You kill the rat!
Things that are here:
a quokka corpse; a hobgoblin corpse You start resting.
HP restored.
Magic restored.
There is an open door to the Dungeon here.
You see here a +0 club.
You open the door.
An adder, a jelly, 2 hounds and an iguana come into view.
The jelly quivers.
The hound barks!
The iguana hisses angrily.
The hound barks!
The magic dart hits the iguana but does no damage.
The iguana bites you!
Ouch! That really hurt!
You die... ▓▓▓▓▓▓▓▓▓▓▓▓▓▓▓▓▓▓ +ShJ.hl@....)..†<▓ ▓▓▓▓▓▓▓▓▓▓▓▓▓▓▓▓▓▓

You could see an iguana, 2 hounds, a jelly and an adder.

Vanquished Creatures
  An endoplasm (D)
  A goblin (D)
  A hobgoblin (D)
  A quokka (D)
  A rat (D)
5 creatures vanquished.

Notes
Turn   | Place    | Note
-------+----------+-------------------------------------------
     0 | D        | sircluck the Felid Conjurer began the quest for the Orb.
     0 | D        | Reached XP level 1. HP: 7/7 MP: 4/4
     9 | D        | Reached skill level 4 in Conjurations
    72 | D        | Noticed a hound
    72 | D        | Noticed a jelly
    72 | D        | Noticed a hound
    72 | D        | Noticed an iguana
    73 | D        | Slain by an iguana

Illustrated notes

Levels and vault maps discovered:
D:        linesprint [early_d, line_temple, items_1, d_10, items_2, lair_1,
          lair_end, items_3, orc_1, orc_end, items_4, d_15, swamp_1, shoals_1,
          snake_1, spider_1, d_20, vaults_1, items_5, swamp_end, shoals_end,
          snake_end, spider_end, vaults_end, d_27, items_6, zot_1, zot_end,
          crypt_end, forest_end, elf_end, slime_end, tomb_end, abyss_end,
          pan_hell_end]

Skill      XL: |  1 |
---------------+----+-----
Conjurations   | 4 |  4.6
Dodging        | 3 |  3.0
Stealth        | |  2.9
Unarmed Combat | |  0.2
Spellcasting   | |  2.1

Action                     || total
---------------------------++-------
  Melee: Unarmed           ||    20
         Bite              ||     3
   Cast: Magic Dart        ||     5
 Armour: Skin              ||     1
  Dodge: Dodged            ||    14

Table legend: (Time is in decaauts)
 A = Elapsed time spent in this place.
 B = Non-inter-level travel time spent in this place.
 C = Inter-level travel time spent in this place.
 D = Time resting spent in this place.
 E = Time spent auto-exploring this place.
 F = Levels seen in this place.
 G = Mean time per level.
                   A        B        C        D        E       F      G
               +--------+--------+--------+--------+--------+-----+--------+
         Total |     70 |     70 |      0 |     22 |     18 |   1 |   70.0 |
       Dungeon |     70 |     70 |      0 |     22 |     18 |   1 |   70.0 |
               +--------+--------+--------+--------+--------+-----+--------+

Top non-repeatable levels by time:
       D: 70 daAuts
